[ AOE2 MATCH · #470497405 ]
UnrankedFranks vs Mongols
Player's team · LOSS
[ REPLAY ANALYSIS · EXTRACTED FROM THE RECORDED GAME ]
Feudal
—
Castle
—
Imperial
—
| APM avg | 14.8 |
| APM peak | 56 |
| eAPM avg | 11.4 |
| Villagers / military | 103 / 117 |
Focus
⚔️ 35.8% · 🌾 64.2%
Throwing Axeman ×57 · Skirmisher ×38 · Knight ×19 · Trade Cart ×15 · Monk ×2 · Trebuchet (Packed) ×1
Feudal
—
Castle
—
Imperial
—
| APM avg | 12.0 |
| APM peak | 43 |
| eAPM avg | 7.4 |
| Villagers / military | 72 / 25 |
Focus
⚔️ 20.1% · 🌾 79.9%
Mangudai ×16 · Militia ×9
Feudal
—
Castle
—
Imperial
—
| APM avg | 12.3 |
| APM peak | 32 |
| eAPM avg | 9.9 |
| Villagers / military | 147 / 119 |
Focus
⚔️ 20.7% · 🌾 79.3%
Spearman ×55 · Woad Raider ×39 · Trade Cart ×13 · Mangonel ×9 · Battering Ram ×9 · Trebuchet (Packed) ×6
Feudal
—
Castle
—
Imperial
—
| APM avg | 9.5 |
| APM peak | 30 |
| eAPM avg | 7.4 |
| Villagers / military | 76 / 67 |
Focus
⚔️ 28.8% · 🌾 71.2%
Skirmisher ×41 · Kipchak ×13 · Cavalry Archer ×13 · Trade Cart ×8
Feudal
—
Castle
—
Imperial
—
| APM avg | 20.2 |
| APM peak | 83 |
| eAPM avg | 17.9 |
| Villagers / military | 101 / 111 |
Focus
⚔️ 15.9% · 🌾 84.1%
Ballista Elephant ×68 · Scout Cavalry ×43
Feudal
—
Castle
—
Imperial
—
| APM avg | 15.9 |
| APM peak | 44 |
| eAPM avg | 11.7 |
| Villagers / military | 84 / 214 |
Focus
⚔️ 48.4% · 🌾 51.6%
Rattan Archer ×210 · Trade Cart ×3 · Trebuchet (Packed) ×3 · Monk ×1
Feudal
—
Castle
—
Imperial
—
| APM avg | 9.1 |
| APM peak | 73 |
| eAPM avg | 5.7 |
| Villagers / military | 75 / 69 |
Focus
⚔️ 25.8% · 🌾 74.2%
Berserk ×35 · Knight ×27 · Trebuchet (Packed) ×5 · Trade Cart ×4 · Monk ×2
Feudal
—
Castle
—
Imperial
—
| APM avg | 11.5 |
| APM peak | 44 |
| eAPM avg | 10.0 |
| Villagers / military | 145 / 130 |
Focus
⚔️ 32.4% · 🌾 67.6%
Longbowman ×57 · Spearman ×40 · Archer ×28 · Trade Cart ×16 · Trebuchet (Packed) ×5
Match map
Initial resources + every placement click. Lines = walls · curves = elevation contours. ◆ gold · ⬟ stone · ● berries · ✦ relic · ◌ wall gap
Inputs per minute
— Lord_Daml - - BoI<aa
Build order — Lord_Daml
First 150 of 416 actions detected
| 0:01 | Create | Villager (Male) |
| 0:01 | Create | Villager (Male) |
| 0:02 | Create | Villager (Male) |
| 0:02 | Create | Villager (Male) |
| 0:05 | Build | House |
| 0:31 | Build | House |
| 1:02 | Build | Palisade Wall |
| 1:14 | Research | Loom |
| 2:45 | Create | Villager (Male) |
| 2:45 | Create | Villager (Male) |
| 2:46 | Create | Villager (Male) |
| 2:46 | Create | Villager (Male) |
| 3:40 | Create | Villager (Male) |
| 3:40 | Create | Villager (Male) |
| 5:29 | Build | Building 796 |
| 5:52 | Build | House |
| 5:55 | Build | House |
| 5:58 | Build | House |
| 6:01 | Build | House |
| 6:33 | Create | Villager (Male) |
| 7:28 | Create | Villager (Male) |
| 7:45 | Build | House |
| 7:56 | Build | Mill |
| 8:01 | Create | Villager (Male) |
| 8:02 | Create | Villager (Male) |
| 8:02 | Create | Villager (Male) |
| 8:02 | Create | Villager (Male) |
| 8:20 | Build | House |
| 8:21 | Build | House |
| 8:23 | Build | House |
| 8:25 | Build | House |
| 8:27 | Build | House |
| 9:02 | Create | Villager (Male) |
| 9:02 | Create | Villager (Male) |
| 9:29 | Create | Villager (Male) |
| 9:49 | Build | Lumber Camp |
| 10:11 | Create | Villager (Male) |
| 10:11 | Create | Villager (Male) |
| 10:21 | Create | Villager (Male) |
| 10:26 | Build | House |
| 10:32 | Build | House |
| 10:33 | Build | House |
| 10:38 | Create | Villager (Male) |
| 11:02 | Create | Villager (Male) |
| 11:28 | Create | Villager (Male) |
| 11:28 | Create | Villager (Male) |
| 12:15 | Build | House |
| 12:20 | Build | Farm |
| 12:21 | Create | Villager (Male) |
| 12:39 | Build | Farm |
| 12:50 | Build | House |
| 12:52 | Build | House |
| 13:29 | Build | Farm |
| 13:46 | Build | House |
| 13:54 | Build | Farm |
| 14:13 | Research | Feudal Age |
| 14:14 | Research | Feudal Age |
| 14:20 | Create | Villager (Male) |
| 14:21 | Create | Villager (Male) |
| 14:21 | Create | Villager (Male) |
| 14:31 | Build | Barracks |
| 14:49 | Build | Mill |
| 15:00 | Create | Villager (Male) |
| 15:44 | Build | House |
| 15:46 | Build | House |
| 15:51 | Create | Villager (Male) |
| 15:52 | Create | Villager (Male) |
| 15:53 | Create | Villager (Male) |
| 16:11 | Build | Farm |
| 16:17 | Build | Farm |
| 16:32 | Create | Villager (Male) |
| 16:46 | Build | Blacksmith |
| 16:55 | Build | Mining Camp |
| 17:33 | Build | Stable |
| 18:37 | Build | House |
| 18:39 | Build | House |
| 19:13 | Create | Villager (Male) |
| 19:24 | Build | Farm |
| 19:46 | Build | House |
| 19:51 | Build | Farm |
| 20:01 | Research | Castle Age |
| 20:01 | Research | Castle Age |
| 20:08 | Build | Mining Camp |
| 20:11 | Research | Stone Mining |
| 20:12 | Research | Gold Mining |
| 20:19 | Research | Double-Bit Axe |
| 20:28 | Build | House |
| 20:45 | Build | Archery Range |
| 21:13 | Create | Villager (Male) |
| 21:20 | Create | Villager (Male) |
| 22:48 | Create | Villager (Male) |
| 22:49 | Create | Villager (Male) |
| 22:56 | Build | Town Center |
| 23:33 | Create | Skirmisher |
| 23:34 | Create | Skirmisher |
| 23:34 | Create | Skirmisher |
| 23:34 | Create | Skirmisher |
| 23:35 | Create | Skirmisher |
| 23:41 | Build | Stone Wall |
| 23:59 | Build | Building 490 |
| 24:09 | Create | Skirmisher |
| 24:09 | Create | Skirmisher |
| 24:12 | Build | Farm |
| 24:14 | Build | Farm |
| 24:26 | Create | Villager (Male) |
| 24:27 | Create | Villager (Male) |
| 24:27 | Create | Villager (Male) |
| 24:28 | Create | Villager (Male) |
| 24:54 | Build | Farm |
| 25:09 | Create | Knight |
| 25:09 | Create | Knight |
| 26:21 | Create | Villager (Male) |
| 26:21 | Create | Villager (Male) |
| 26:23 | Create | Villager (Male) |
| 26:28 | Create | Villager (Male) |
| 27:09 | Build | Castle |
| 27:15 | Build | Mining Camp |
| 27:23 | Build | Monastery |
| 27:28 | Build | University |
| 27:33 | Create | Villager (Male) |
| 27:36 | Create | Villager (Male) |
| 27:36 | Create | Villager (Male) |
| 27:39 | Create | Villager (Male) |
| 27:40 | Create | Villager (Male) |
| 28:01 | Build | Siege Workshop |
| 28:10 | Build | Farm |
| 28:15 | Build | Farm |
| 28:18 | Create | Villager (Male) |
| 28:22 | Build | Farm |
| 28:24 | Create | Villager (Male) |
| 28:42 | Build | Farm |
| 28:46 | Build | Farm |
| 29:06 | Build | Market |
| 29:17 | Build | Farm |
| 29:21 | Build | Farm |
| 29:24 | Create | Villager (Male) |
| 29:31 | Build | Farm |
| 29:46 | Create | Villager (Male) |
| 29:47 | Create | Villager (Male) |
| 29:53 | Build | Farm |
| 30:01 | Create | Villager (Male) |
| 30:04 | Create | Villager (Male) |
| 30:35 | Build | House |
| 30:36 | Build | House |
| 30:37 | Build | House |
| 30:40 | Create | Villager (Male) |
| 30:41 | Create | Villager (Male) |
| 30:41 | Create | Villager (Male) |
| 30:43 | Create | Villager (Male) |
| 31:01 | Build | Town Center |
Build order — BoI<aa
First 150 of 170 actions detected
| 0:13 | Build | House |
| 0:15 | Build | House |
| 0:18 | Create | Villager (Male) |
| 0:18 | Create | Villager (Male) |
| 0:19 | Create | Villager (Male) |
| 0:19 | Create | Villager (Male) |
| 0:19 | Create | Villager (Male) |
| 1:23 | Build | Palisade Wall |
| 3:20 | Create | Villager (Male) |
| 3:20 | Create | Villager (Male) |
| 3:20 | Create | Villager (Male) |
| 3:20 | Create | Villager (Male) |
| 4:31 | Create | Villager (Male) |
| 4:31 | Create | Villager (Male) |
| 5:12 | Build | Palisade Wall |
| 5:37 | Create | Villager (Male) |
| 5:37 | Create | Villager (Male) |
| 5:37 | Create | Villager (Male) |
| 7:09 | Create | Villager (Male) |
| 7:09 | Create | Villager (Male) |
| 7:09 | Create | Villager (Male) |
| 7:10 | Create | Villager (Male) |
| 7:10 | Create | Villager (Male) |
| 8:25 | Build | Mill |
| 9:21 | Create | Villager (Male) |
| 9:21 | Create | Villager (Male) |
| 9:21 | Create | Villager (Male) |
| 9:22 | Create | Villager (Male) |
| 9:41 | Build | Lumber Camp |
| 10:07 | Build | House |
| 10:14 | Research | Loom |
| 10:14 | Create | Villager (Male) |
| 10:49 | Create | Villager (Male) |
| 11:46 | Create | Villager (Male) |
| 11:48 | Research | Feudal Age |
| 12:25 | Build | Mill |
| 13:38 | Build | Barracks |
| 14:16 | Build | House |
| 14:19 | Build | House |
| 15:08 | Create | Villager (Male) |
| 15:08 | Create | Villager (Male) |
| 15:08 | Create | Villager (Male) |
| 15:09 | Create | Villager (Male) |
| 15:31 | Build | Mill |
| 15:54 | Research | Man-at-Arms (upgrade) |
| 16:39 | Create | Villager (Male) |
| 17:23 | Build | Mining Camp |
| 18:08 | Build | Mining Camp |
| 19:03 | Research | Arson |
| 19:04 | Create | Militia |
| 19:04 | Create | Militia |
| 19:05 | Create | Militia |
| 19:05 | Create | Militia |
| 19:05 | Create | Militia |
| 19:05 | Create | Militia |
| 19:16 | Create | Villager (Male) |
| 19:18 | Create | Villager (Male) |
| 19:18 | Create | Villager (Male) |
| 19:19 | Create | Villager (Male) |
| 19:19 | Create | Villager (Male) |
| 19:19 | Create | Villager (Male) |
| 19:19 | Create | Villager (Male) |
| 19:20 | Create | Villager (Male) |
| 19:50 | Research | Double-Bit Axe |
| 20:51 | Create | Militia |
| 21:19 | Create | Militia |
| 21:25 | Build | House |
| 21:28 | Build | House |
| 21:56 | Create | Militia |
| 22:00 | Create | Villager (Male) |
| 22:35 | Build | House |
| 22:40 | Research | Horse Collar |
| 22:56 | Research | Gold Mining |
| 24:29 | Build | Stone Wall |
| 26:24 | Build | Mining Camp |
| 26:51 | Build | Market |
| 27:07 | Build | Blacksmith |
| 28:22 | Research | Stone Mining |
| 28:25 | Research | Castle Age |
| 30:27 | Build | Lumber Camp |
| 31:13 | Build | Castle |
| 31:27 | Build | Town Center |
| 31:59 | Build | Farm |
| 32:01 | Build | Farm |
| 32:02 | Build | Farm |
| 32:04 | Build | Farm |
| 32:11 | Build | Farm |
| 32:29 | Create | Villager (Male) |
| 32:30 | Create | Villager (Male) |
| 32:37 | Research | Nomads |
| 32:56 | Build | House |
| 32:57 | Build | House |
| 32:59 | Build | House |
| 33:02 | Build | House |
| 33:03 | Build | House |
| 33:05 | Build | House |
| 33:07 | Build | House |
| 33:09 | Build | House |
| 33:15 | Build | House |
| 33:17 | Build | House |
| 33:18 | Build | House |
| 33:19 | Build | House |
| 33:21 | Build | House |
| 33:24 | Build | House |
| 33:26 | Build | House |
| 33:27 | Build | House |
| 33:29 | Build | House |
| 33:30 | Build | House |
| 33:31 | Build | House |
| 33:33 | Build | House |
| 33:35 | Build | House |
| 34:01 | Create | Mangudai |
| 34:01 | Create | Mangudai |
| 34:01 | Create | Mangudai |
| 34:01 | Create | Mangudai |
| 34:02 | Create | Mangudai |
| 34:02 | Create | Mangudai |
| 34:07 | Create | Mangudai |
| 34:07 | Create | Mangudai |
| 34:07 | Create | Mangudai |
| 34:07 | Create | Mangudai |
| 34:08 | Create | Mangudai |
| 34:08 | Create | Mangudai |
| 34:08 | Create | Mangudai |
| 34:12 | Create | Villager (Male) |
| 34:12 | Create | Villager (Male) |
| 34:12 | Create | Villager (Male) |
| 34:13 | Create | Villager (Male) |
| 34:26 | Create | Villager (Male) |
| 34:45 | Build | Farm |
| 34:48 | Create | Villager (Male) |
| 35:00 | Build | Farm |
| 35:44 | Research | Squires |
| 35:49 | Create | Mangudai |
| 35:49 | Create | Mangudai |
| 35:50 | Create | Mangudai |
| 37:01 | Research | Heavy Plow |
| 37:50 | Create | Villager (Male) |
| 37:51 | Create | Villager (Male) |
| 37:51 | Create | Villager (Male) |
| 37:51 | Create | Villager (Male) |
| 39:00 | Create | Villager (Male) |
| 39:00 | Create | Villager (Male) |
| 39:01 | Create | Villager (Male) |
| 40:54 | Create | Villager (Male) |
| 40:54 | Create | Villager (Male) |
| 42:09 | Create | Villager (Male) |
| 43:11 | Build | Farm |
| 43:12 | Build | Farm |
| 43:20 | Build | Farm |
Build order — Jaereg
First 150 of 350 actions detected
| 0:10 | Build | House |
| 0:19 | Create | Villager (Male) ×4 |
| 0:19 | Create | Villager (Male) ×4 |
| 1:22 | Build | House |
| 1:24 | Build | House |
| 1:25 | Build | House |
| 1:26 | Build | House |
| 1:57 | Create | Villager (Male) |
| 3:03 | Create | Villager (Male) |
| 3:04 | Create | Villager (Male) |
| 3:04 | Create | Villager (Male) |
| 3:14 | Build | House |
| 3:31 | Create | Villager (Male) |
| 3:32 | Create | Villager (Male) |
| 4:18 | Create | Villager (Male) |
| 5:03 | Create | Villager (Male) |
| 5:31 | Create | Villager (Male) |
| 5:44 | Create | Villager (Male) |
| 6:04 | Create | Villager (Male) |
| 6:04 | Create | Villager (Male) |
| 6:05 | Create | Villager (Male) |
| 6:05 | Create | Villager (Male) |
| 6:15 | Create | Villager (Male) |
| 6:16 | Create | Villager (Male) |
| 6:37 | Create | Villager (Male) |
| 6:38 | Create | Villager (Male) |
| 7:03 | Create | Villager (Male) |
| 7:27 | Create | Villager (Male) |
| 7:39 | Build | Lumber Camp |
| 8:08 | Create | Villager (Male) |
| 8:54 | Build | Mill |
| 9:01 | Create | Villager (Male) |
| 9:02 | Create | Villager (Male) |
| 9:02 | Create | Villager (Male) |
| 9:02 | Create | Villager (Male) |
| 9:02 | Create | Villager (Male) |
| 10:29 | Create | Villager (Male) |
| 10:29 | Create | Villager (Male) |
| 10:43 | Create | Villager (Male) |
| 11:08 | Create | Villager (Male) |
| 11:09 | Create | Villager (Male) |
| 11:09 | Create | Villager (Male) |
| 11:09 | Create | Villager (Male) |
| 11:31 | Build | Farm |
| 11:32 | Build | Farm |
| 11:34 | Build | Farm |
| 11:36 | Build | Farm |
| 11:51 | Build | Farm |
| 11:53 | Build | Farm |
| 12:01 | Create | Villager (Male) |
| 12:01 | Create | Villager (Male) |
| 12:01 | Create | Villager (Male) |
| 12:01 | Create | Villager (Male) |
| 12:02 | Create | Villager (Male) |
| 12:02 | Create | Villager (Male) |
| 12:11 | Research | Feudal Age |
| 12:29 | Create | Villager (Male) |
| 13:18 | Build | Farm |
| 13:20 | Build | Farm |
| 13:22 | Build | Farm |
| 13:25 | Build | Farm |
| 13:26 | Build | Farm |
| 14:11 | Build | Farm |
| 14:12 | Build | Farm |
| 14:13 | Build | Farm |
| 14:26 | Build | House |
| 14:28 | Build | House |
| 14:30 | Build | House |
| 14:31 | Build | House |
| 14:32 | Build | House |
| 15:19 | Build | Farm |
| 15:22 | Build | Farm |
| 15:24 | Build | Farm |
| 15:35 | Build | Farm |
| 15:36 | Build | Farm |
| 15:38 | Build | Farm |
| 15:46 | Build | Farm |
| 16:21 | Build | Farm |
| 16:32 | Research | Wheelbarrow |
| 16:35 | Research | Double-Bit Axe |
| 16:55 | Build | Market |
| 17:15 | Research | Horse Collar |
| 17:51 | Build | Blacksmith |
| 17:59 | Build | Farm |
| 18:01 | Build | Farm |
| 18:05 | Create | Villager (Male) |
| 18:23 | Build | Farm |
| 18:45 | Research | Castle Age |
| 18:57 | Build | Farm |
| 20:43 | Create | Villager (Male) |
| 20:46 | Create | Villager (Male) |
| 21:32 | Research | Hand Cart |
| 21:39 | Build | Town Center |
| 22:38 | Create | Villager (Male) |
| 22:39 | Create | Villager (Male) |
| 22:39 | Create | Villager (Male) |
| 22:39 | Create | Villager (Male) |
| 22:42 | Create | Villager (Male) |
| 22:42 | Create | Villager (Male) |
| 23:05 | Create | Villager (Male) |
| 23:52 | Build | Mining Camp |
| 24:01 | Build | University |
| 24:04 | Create | Villager (Male) |
| 24:04 | Create | Villager (Male) |
| 24:04 | Create | Villager (Male) |
| 24:05 | Create | Villager (Male) |
| 24:05 | Create | Villager (Male) |
| 24:05 | Create | Villager (Male) |
| 24:29 | Build | Town Center |
| 25:03 | Build | Monastery |
| 25:32 | Create | Monk |
| 25:34 | Research | Fervor |
| 25:38 | Create | Villager (Male) |
| 25:38 | Create | Villager (Male) |
| 25:38 | Create | Villager (Male) |
| 25:39 | Create | Villager (Male) |
| 25:39 | Create | Villager (Male) |
| 25:39 | Create | Villager (Male) |
| 25:41 | Create | Villager (Male) |
| 25:41 | Create | Villager (Male) |
| 25:44 | Research | Heavy Plow |
| 25:51 | Research | Imperial Age |
| 25:59 | Create | Villager (Male) |
| 25:59 | Create | Villager (Male) |
| 26:00 | Create | Villager (Male) |
| 26:00 | Create | Villager (Male) |
| 26:14 | Build | Lumber Camp |
| 26:39 | Create | Villager (Male) |
| 26:39 | Create | Villager (Male) |
| 26:39 | Create | Villager (Male) |
| 26:40 | Create | Villager (Male) |
| 26:47 | Create | Villager (Male) |
| 26:47 | Create | Villager (Male) |
| 26:47 | Create | Villager (Male) |
| 27:06 | Create | Villager (Male) |
| 27:06 | Create | Villager (Male) |
| 27:07 | Create | Villager (Male) |
| 27:07 | Create | Villager (Male) |
| 27:22 | Build | Siege Workshop |
| 27:25 | Build | Siege Workshop |
| 27:29 | Build | Siege Workshop |
| 27:32 | Build | Siege Workshop |
| 27:37 | Create | Villager (Male) |
| 27:37 | Create | Villager (Male) |
| 27:38 | Create | Villager (Male) |
| 27:38 | Create | Villager (Male) |
| 27:57 | Create | Villager (Male) |
| 28:17 | Create | Villager (Male) |
| 28:18 | Create | Villager (Male) |
| 28:18 | Create | Villager (Male) |
Build order — ELITEMARIO69
First 150 of 295 actions detected
| 0:27 | Build | House |
| 0:30 | Research | Loom |
| 0:30 | Create | Villager (Male) |
| 0:54 | Create | Villager (Male) |
| 0:57 | Create | Villager (Male) |
| 0:59 | Create | Villager (Male) |
| 1:31 | Build | Palisade Wall |
| 2:28 | Build | Building 796 |
| 3:02 | Build | Lumber Camp |
| 3:38 | Build | Palisade Wall |
| 4:00 | Create | Villager (Male) |
| 4:01 | Create | Villager (Male) |
| 5:01 | Build | House |
| 5:09 | Create | Villager (Male) |
| 5:09 | Create | Villager (Male) |
| 5:09 | Create | Villager (Male) |
| 6:12 | Create | Villager (Male) |
| 6:13 | Create | Villager (Male) |
| 7:25 | Build | House |
| 7:47 | Create | Villager (Male) |
| 8:21 | Build | Mill |
| 8:33 | Create | Villager (Male) |
| 8:33 | Create | Villager (Male) |
| 8:34 | Create | Villager (Male) |
| 8:34 | Create | Villager (Male) |
| 9:16 | Create | Villager (Male) |
| 9:41 | Create | Villager (Male) |
| 10:01 | Build | House |
| 10:43 | Build | Mill |
| 11:02 | Create | Villager (Male) |
| 11:18 | Build | Lumber Camp |
| 11:27 | Create | Villager (Male) |
| 12:37 | Research | Feudal Age |
| 12:45 | Build | House |
| 13:59 | Create | Villager (Male) |
| 13:59 | Create | Villager (Male) |
| 13:59 | Create | Villager (Male) |
| 13:59 | Create | Villager (Male) |
| 15:14 | Build | Town Center |
| 15:32 | Build | Town Center |
| 15:42 | Create | Villager (Male) |
| 15:43 | Create | Villager (Male) |
| 15:44 | Create | Villager (Male) |
| 15:48 | Create | Villager (Male) |
| 15:48 | Create | Villager (Male) |
| 16:16 | Research | Horse Collar |
| 16:24 | Create | Villager (Male) |
| 16:26 | Create | Villager (Male) |
| 16:38 | Build | House |
| 16:40 | Build | House |
| 16:45 | Build | House |
| 16:49 | Build | House |
| 16:51 | Build | House |
| 17:03 | Research | Double-Bit Axe |
| 17:50 | Build | Farm |
| 17:53 | Build | Farm |
| 17:54 | Build | Farm |
| 17:56 | Build | Farm |
| 18:00 | Build | Farm |
| 18:10 | Build | Farm |
| 18:35 | Build | Mining Camp |
| 18:53 | Build | Farm |
| 18:55 | Build | Farm |
| 19:07 | Create | Villager (Male) |
| 19:08 | Create | Villager (Male) |
| 19:08 | Create | Villager (Male) |
| 19:09 | Create | Villager (Male) |
| 19:09 | Create | Villager (Male) |
| 19:09 | Create | Villager (Male) |
| 19:54 | Build | Farm |
| 19:56 | Build | Farm |
| 19:59 | Build | Farm |
| 20:01 | Build | Farm |
| 20:04 | Build | Farm |
| 20:19 | Build | Market |
| 20:28 | Create | Villager (Male) |
| 20:37 | Build | Farm |
| 20:39 | Build | Farm |
| 20:45 | Build | Farm |
| 20:53 | Build | Farm |
| 20:54 | Build | Farm |
| 20:57 | Build | Farm |
| 21:00 | Build | Farm |
| 21:06 | Create | Villager (Male) |
| 21:07 | Create | Villager (Male) |
| 21:07 | Create | Villager (Male) |
| 21:07 | Create | Villager (Male) |
| 21:14 | Create | Villager (Male) |
| 21:14 | Create | Villager (Male) |
| 22:30 | Build | Watch Tower |
| 22:53 | Build | Blacksmith |
| 22:55 | Create | Trade Cart |
| 22:55 | Create | Trade Cart |
| 24:25 | Build | Watch Tower |
| 24:45 | Research | Fletching |
| 25:02 | Research | Castle Age |
| 25:29 | Build | Barracks |
| 25:38 | Build | Barracks |
| 26:21 | Research | Wheelbarrow |
| 26:32 | Build | Mining Camp |
| 26:42 | Build | Mining Camp |
| 26:43 | Create | Villager (Male) |
| 26:43 | Create | Villager (Male) |
| 26:44 | Create | Villager (Male) |
| 26:44 | Create | Villager (Male) |
| 26:44 | Create | Villager (Male) |
| 26:55 | Research | Padded Archer Armor |
| 27:20 | Build | Archery Range |
| 27:22 | Build | Archery Range |
| 27:23 | Build | Archery Range |
| 27:25 | Build | Archery Range |
| 27:26 | Build | Archery Range |
| 27:31 | Build | Archery Range |
| 27:32 | Build | Archery Range |
| 27:35 | Build | Archery Range |
| 27:38 | Build | Archery Range |
| 27:42 | Build | Archery Range |
| 28:26 | Build | Castle |
| 28:49 | Research | Bodkin Arrow |
| 28:54 | Create | Villager (Male) |
| 28:55 | Create | Villager (Male) |
| 28:56 | Create | Villager (Male) |
| 28:59 | Create | Villager (Male) |
| 29:10 | Build | House |
| 29:13 | Build | House |
| 29:17 | Build | House |
| 29:20 | Build | House |
| 29:22 | Build | House |
| 29:28 | Build | House |
| 29:30 | Build | House |
| 29:32 | Build | House |
| 29:34 | Build | House |
| 29:36 | Build | House |
| 29:56 | Create | Trade Cart |
| 29:56 | Create | Trade Cart |
| 29:57 | Create | Trade Cart |
| 30:00 | Create | Trade Cart |
| 30:03 | Create | Trade Cart |
| 30:03 | Create | Trade Cart |
| 30:48 | Build | Farm |
| 30:49 | Build | Farm |
| 30:57 | Build | Town Center |
| 31:19 | Create | Villager (Male) |
| 31:19 | Create | Villager (Male) |
| 31:20 | Create | Villager (Male) |
| 31:20 | Create | Villager (Male) |
| 31:20 | Create | Villager (Male) |
| 31:21 | Create | Villager (Male) |
| 32:00 | Create | Villager (Male) |
| 32:01 | Create | Villager (Male) |
Build order — Jasius
First 150 of 337 actions detected
| 0:05 | Build | House |
| 0:07 | Build | House |
| 0:08 | Create | Villager (Male) |
| 0:08 | Create | Villager (Male) |
| 0:09 | Create | Villager (Male) |
| 0:09 | Create | Villager (Male) |
| 0:09 | Create | Villager (Male) |
| 1:32 | Create | Villager (Male) |
| 1:33 | Create | Villager (Male) |
| 2:08 | Create | Villager (Male) |
| 2:08 | Create | Villager (Male) |
| 2:39 | Create | Villager (Male) |
| 2:39 | Create | Villager (Male) |
| 3:42 | Build | Lumber Camp |
| 3:47 | Create | Villager (Male) |
| 3:51 | Create | Villager (Male) |
| 4:03 | Create | Villager (Male) |
| 4:12 | Create | Villager (Male) |
| 4:12 | Create | Villager (Male) |
| 4:54 | Create | Villager (Male) |
| 4:56 | Create | Villager (Male) |
| 5:06 | Build | House |
| 5:12 | Build | House |
| 5:36 | Create | Villager (Male) |
| 5:51 | Build | Mill |
| 6:05 | Create | Villager (Male) |
| 6:08 | Create | Villager (Male) |
| 6:18 | Build | House |
| 8:25 | Create | Villager (Male) |
| 9:26 | Research | Feudal Age |
| 9:26 | Research | Feudal Age |
| 9:28 | Create | Villager (Male) |
| 9:28 | Create | Villager (Male) |
| 9:39 | Build | Lumber Camp |
| 9:57 | Build | Farm |
| 9:59 | Build | Farm |
| 10:05 | Create | Villager (Male) |
| 10:56 | Create | Villager (Male) |
| 12:04 | Build | Farm |
| 12:06 | Build | Farm |
| 12:07 | Build | Farm |
| 12:11 | Build | Farm |
| 12:12 | Build | Farm |
| 12:21 | Build | Farm |
| 12:47 | Build | Farm |
| 12:56 | Build | House |
| 12:57 | Build | House |
| 13:01 | Build | Blacksmith |
| 13:13 | Build | Farm |
| 13:22 | Build | Farm |
| 13:31 | Build | Farm |
| 13:34 | Create | Villager (Male) |
| 13:34 | Create | Villager (Male) |
| 13:35 | Create | Villager (Male) |
| 14:02 | Build | Farm |
| 14:28 | Build | Farm |
| 14:46 | Build | Market |
| 14:54 | Create | Villager (Male) |
| 14:55 | Create | Villager (Male) |
| 15:42 | Build | Farm |
| 15:48 | Create | Villager (Male) |
| 16:03 | Build | Farm |
| 16:17 | Research | Castle Age |
| 16:38 | Build | Farm |
| 16:39 | Build | Farm |
| 16:41 | Build | Farm |
| 16:45 | Build | Farm |
| 19:00 | Build | Town Center |
| 19:09 | Build | Town Center |
| 19:28 | Create | Villager (Male) |
| 19:28 | Create | Villager (Male) |
| 19:28 | Create | Villager (Male) |
| 19:29 | Create | Villager (Male) |
| 19:29 | Create | Villager (Male) |
| 19:36 | Create | Villager (Male) |
| 19:36 | Create | Villager (Male) |
| 20:05 | Create | Villager (Male) |
| 20:06 | Create | Villager (Male) |
| 20:06 | Create | Villager (Male) |
| 20:08 | Create | Villager (Male) |
| 20:08 | Create | Villager (Male) |
| 20:09 | Create | Villager (Male) |
| 20:09 | Create | Villager (Male) |
| 20:10 | Create | Villager (Male) |
| 20:11 | Create | Villager (Male) |
| 20:11 | Create | Villager (Male) |
| 20:13 | Create | Villager (Male) |
| 20:17 | Create | Villager (Male) |
| 20:18 | Create | Villager (Male) |
| 20:18 | Create | Villager (Male) |
| 20:20 | Create | Villager (Male) |
| 20:20 | Create | Villager (Male) |
| 20:20 | Create | Villager (Male) |
| 20:21 | Create | Villager (Male) |
| 20:21 | Create | Villager (Male) |
| 20:21 | Create | Villager (Male) |
| 20:22 | Create | Villager (Male) |
| 21:55 | Create | Villager (Male) |
| 22:43 | Build | House |
| 22:45 | Build | House |
| 22:46 | Build | House |
| 23:29 | Build | Farm |
| 23:40 | Build | Farm |
| 23:49 | Build | House |
| 23:50 | Build | House |
| 23:52 | Build | House |
| 24:09 | Build | Castle |
| 24:21 | Build | Farm |
| 24:28 | Build | Farm |
| 24:48 | Create | Villager (Male) |
| 24:48 | Create | Villager (Male) |
| 24:49 | Create | Villager (Male) |
| 24:49 | Create | Villager (Male) |
| 24:50 | Create | Villager (Male) |
| 24:50 | Create | Villager (Male) |
| 24:51 | Create | Villager (Male) |
| 24:51 | Create | Villager (Male) |
| 24:51 | Create | Villager (Male) |
| 24:51 | Create | Villager (Male) |
| 24:52 | Create | Villager (Male) |
| 24:53 | Create | Villager (Male) |
| 24:53 | Create | Villager (Male) |
| 24:53 | Create | Villager (Male) |
| 24:54 | Create | Villager (Male) |
| 25:06 | Create | Villager (Male) |
| 25:13 | Build | Mining Camp |
| 25:40 | Research | Padded Archer Armor |
| 25:41 | Research | Fletching |
| 25:47 | Build | House |
| 25:49 | Build | House |
| 27:34 | Build | Castle |
| 28:09 | Create | Villager (Male) |
| 28:10 | Create | Villager (Male) |
| 28:10 | Create | Villager (Male) |
| 28:14 | Create | Villager (Male) |
| 28:16 | Create | Villager (Male) |
| 28:17 | Create | Villager (Male) |
| 28:34 | Build | Mining Camp |
| 28:44 | Build | Mining Camp |
| 29:37 | Research | Imperial Age |
| 30:03 | Build | Farm |
| 30:05 | Build | Farm |
| 30:08 | Build | Farm |
| 30:09 | Build | Farm |
| 30:13 | Research | Loom |
| 30:13 | Research | Town Watch |
| 30:13 | Research | Wheelbarrow |
| 30:13 | Research | Town Watch |
| 30:38 | Build | Castle |
| 30:43 | Build | Farm |
Build order — BenjaB1
First 150 of 400 actions detected
| 0:02 | Research | Loom |
| 0:02 | Create | Villager (Male) |
| 0:03 | Create | Villager (Male) |
| 0:03 | Create | Villager (Male) |
| 0:03 | Create | Villager (Male) |
| 0:03 | Create | Villager (Male) |
| 0:07 | Build | House |
| 0:08 | Build | House |
| 0:11 | Build | House |
| 0:12 | Build | House |
| 2:15 | Create | Villager (Male) |
| 2:55 | Create | Villager (Male) |
| 3:16 | Build | Palisade Wall |
| 3:29 | Create | Villager (Male) |
| 3:29 | Create | Villager (Male) |
| 3:29 | Create | Villager (Male) |
| 3:52 | Create | Villager (Male) |
| 3:53 | Create | Villager (Male) |
| 3:53 | Create | Villager (Male) |
| 4:20 | Create | Villager (Male) |
| 4:41 | Create | Villager (Male) |
| 5:03 | Create | Villager (Male) |
| 5:26 | Create | Villager (Male) |
| 5:26 | Create | Villager (Male) |
| 5:26 | Create | Villager (Male) |
| 5:26 | Create | Villager (Male) |
| 6:00 | Create | Villager (Male) |
| 6:15 | Create | Villager (Male) |
| 6:24 | Build | Mill |
| 6:55 | Create | Villager (Male) |
| 7:41 | Build | Lumber Camp |
| 8:19 | Create | Villager (Male) |
| 8:20 | Create | Villager (Male) |
| 8:21 | Create | Villager (Male) |
| 9:54 | Build | Mining Camp |
| 10:03 | Research | Feudal Age |
| 10:33 | Build | House |
| 10:37 | Build | House |
| 10:38 | Build | House |
| 10:48 | Create | Villager (Male) |
| 10:58 | Create | Villager (Male) |
| 11:30 | Create | Villager (Male) |
| 11:46 | Create | Villager (Male) |
| 12:57 | Research | Wheelbarrow |
| 13:06 | Build | Blacksmith |
| 13:23 | Create | Villager (Male) |
| 13:30 | Create | Villager (Male) |
| 13:41 | Build | Market |
| 13:49 | Create | Villager (Male) |
| 14:04 | Create | Villager (Male) |
| 14:11 | Create | Villager (Male) |
| 14:25 | Build | Mill |
| 15:00 | Build | Mining Camp |
| 16:40 | Create | Villager (Male) |
| 17:08 | Build | Farm |
| 17:11 | Create | Villager (Male) |
| 17:37 | Create | Villager (Male) |
| 17:40 | Build | Farm |
| 18:05 | Build | Farm |
| 18:13 | Create | Villager (Male) |
| 18:20 | Build | Farm |
| 18:21 | Build | Farm |
| 18:23 | Build | Farm |
| 18:24 | Build | Farm |
| 18:26 | Build | Farm |
| 18:28 | Build | Farm |
| 18:29 | Build | Farm |
| 18:31 | Build | Farm |
| 18:33 | Build | Farm |
| 18:35 | Build | Farm |
| 18:37 | Build | Farm |
| 18:46 | Build | Farm |
| 20:04 | Research | Castle Age |
| 20:26 | Research | Stone Mining |
| 20:40 | Research | Gold Mining |
| 21:00 | Research | Double-Bit Axe |
| 21:21 | Research | Fletching |
| 21:31 | Create | Villager (Male) |
| 22:07 | Research | Padded Archer Armor |
| 22:12 | Create | Villager (Male) |
| 22:12 | Create | Villager (Male) |
| 22:14 | Create | Villager (Male) |
| 22:30 | Create | Trade Cart |
| 22:30 | Create | Trade Cart |
| 22:31 | Create | Trade Cart |
| 22:37 | Build | House |
| 22:38 | Build | House |
| 22:59 | Build | Castle |
| 23:06 | Build | House |
| 23:24 | Research | Bodkin Arrow |
| 23:28 | Build | House |
| 23:37 | Build | House |
| 23:41 | Build | House |
| 24:18 | Research | Leather Archer Armor |
| 24:26 | Create | Villager (Male) |
| 24:26 | Create | Villager (Male) |
| 24:26 | Create | Villager (Male) |
| 24:27 | Create | Villager (Male) |
| 24:27 | Create | Villager (Male) |
| 24:27 | Create | Villager (Male) |
| 24:27 | Create | Villager (Male) |
| 24:59 | Build | Monastery |
| 25:09 | Build | University |
| 25:23 | Create | Rattan Archer |
| 25:23 | Create | Rattan Archer |
| 25:24 | Create | Rattan Archer |
| 25:24 | Create | Rattan Archer |
| 25:24 | Create | Rattan Archer |
| 25:24 | Create | Rattan Archer |
| 25:25 | Create | Rattan Archer |
| 25:25 | Create | Rattan Archer |
| 25:25 | Create | Rattan Archer |
| 25:25 | Create | Rattan Archer |
| 25:26 | Create | Rattan Archer |
| 25:26 | Create | Rattan Archer |
| 25:26 | Create | Rattan Archer |
| 25:27 | Create | Rattan Archer |
| 26:04 | Research | Bow Saw |
| 26:23 | Create | Monk |
| 27:05 | Create | Villager (Male) |
| 27:06 | Create | Villager (Male) |
| 27:06 | Create | Villager (Male) |
| 27:06 | Create | Villager (Male) |
| 27:06 | Create | Villager (Male) |
| 27:07 | Create | Villager (Male) |
| 28:16 | Create | Villager (Male) |
| 28:16 | Create | Villager (Male) |
| 28:17 | Create | Villager (Male) |
| 28:17 | Create | Villager (Male) |
| 28:17 | Create | Villager (Male) |
| 29:37 | Build | Town Center |
| 30:03 | Research | Imperial Age |
| 30:27 | Research | Horse Collar |
| 30:34 | Research | Ballistics |
| 30:45 | Build | Castle |
| 31:27 | Create | Villager (Male) |
| 31:27 | Create | Villager (Male) |
| 31:27 | Create | Villager (Male) |
| 31:27 | Create | Villager (Male) |
| 31:28 | Create | Villager (Male) |
| 31:28 | Create | Villager (Male) |
| 31:28 | Create | Villager (Male) |
| 31:29 | Create | Villager (Male) |
| 31:29 | Create | Villager (Male) |
| 31:29 | Create | Villager (Male) |
| 31:29 | Create | Villager (Male) |
| 31:30 | Create | Villager (Male) |
| 31:30 | Create | Villager (Male) |
| 31:35 | Build | House |
| 31:36 | Build | House |
Build order — FranCarp
First 150 of 152 actions detected
| 0:57 | Build | Palisade Wall |
| 2:14 | Build | Palisade Wall |
| 3:02 | Create | Villager (Male) ×4 |
| 3:39 | Build | House |
| 3:41 | Build | House |
| 3:44 | Build | House |
| 4:24 | Create | Villager (Male) |
| 6:45 | Create | Villager (Male) ×4 |
| 7:54 | Create | Villager (Male) ×3 |
| 8:23 | Build | Lumber Camp |
| 9:43 | Build | Mill |
| 11:56 | Research | Feudal Age |
| 14:12 | Create | Villager (Male) ×5 |
| 14:15 | Create | Villager (Male) |
| 16:14 | Build | House |
| 16:15 | Build | House |
| 16:17 | Build | House |
| 16:18 | Build | House |
| 16:19 | Build | House |
| 16:24 | Build | House |
| 16:25 | Build | House |
| 16:26 | Build | House |
| 16:27 | Build | House |
| 16:29 | Build | House |
| 16:30 | Build | House |
| 17:27 | Research | Double-Bit Axe |
| 17:29 | Research | Horse Collar |
| 17:32 | Create | Villager (Male) ×5 |
| 18:54 | Build | Mining Camp |
| 18:57 | Create | Villager (Male) ×4 |
| 19:32 | Build | Farm |
| 19:34 | Build | Farm |
| 19:36 | Build | Farm |
| 19:38 | Build | Farm |
| 19:40 | Build | Farm |
| 19:43 | Build | Farm |
| 19:45 | Build | Farm |
| 19:52 | Build | Farm |
| 19:55 | Build | Farm |
| 20:22 | Build | Farm |
| 20:26 | Build | Farm |
| 21:09 | Create | Villager (Male) ×5 |
| 21:20 | Build | Farm |
| 21:50 | Build | Farm |
| 22:13 | Build | Market |
| 22:16 | Build | Blacksmith |
| 22:20 | Build | House |
| 22:22 | Build | House |
| 22:23 | Build | House |
| 22:25 | Build | House |
| 22:36 | Build | Farm |
| 23:09 | Build | Farm |
| 23:29 | Build | Farm |
| 24:02 | Create | Trade Cart |
| 24:02 | Create | Trade Cart |
| 24:03 | Create | Trade Cart |
| 24:04 | Create | Trade Cart |
| 24:20 | Research | Castle Age |
| 24:25 | Build | Farm |
| 24:31 | Research | Stone Mining |
| 24:32 | Research | Gold Mining |
| 24:39 | Research | Scale Mail Armor |
| 24:39 | Research | Forging |
| 24:39 | Research | Scale Barding Armor |
| 26:04 | Create | Villager (Male) ×5 |
| 27:02 | Research | Bow Saw |
| 27:05 | Research | Heavy Plow |
| 27:07 | Research | Gold Shaft Mining |
| 27:10 | Research | Chain Mail Armor |
| 27:10 | Research | Iron Casting |
| 27:10 | Research | Chain Barding Armor |
| 27:20 | Create | Villager (Male) ×3 |
| 27:55 | Build | Farm |
| 28:06 | Build | Town Center |
| 28:21 | Build | Monastery |
| 28:57 | Build | Mining Camp |
| 29:02 | Create | Villager (Male) ×5 |
| 29:19 | Create | Monk |
| 29:28 | Build | Farm |
| 30:19 | Create | Villager (Male) ×5 |
| 30:22 | Create | Villager (Male) ×5 |
| 30:46 | Research | Iron Casting |
| 30:46 | Research | Chain Barding Armor |
| 30:51 | Research | Caravan |
| 32:11 | Build | Town Center |
| 32:16 | Create | Villager (Male) ×5 |
| 32:18 | Create | Villager (Male) ×5 |
| 32:37 | Build | Farm |
| 32:47 | Create | Monk |
| 32:55 | Build | Farm |
| 33:05 | Research | Fervor |
| 33:10 | Research | Fervor |
| 33:20 | Build | Farm |
| 34:03 | Build | Farm |
| 34:37 | Create | Villager (Male) ×5 |
| 34:50 | Build | Castle |
| 35:52 | Research | Imperial Age |
| 36:10 | Create | Berserk ×5 |
| 36:11 | Create | Berserk ×5 |
| 36:13 | Create | Berserk ×3 |
| 36:40 | Create | Villager (Male) ×5 |
| 36:58 | Research | Fletching |
| 36:59 | Research | Padded Archer Armor |
| 38:25 | Build | Lumber Camp |
| 39:13 | Build | Barracks |
| 39:46 | Build | Stable |
| 39:47 | Build | Stable |
| 39:56 | Build | Stable |
| 39:56 | Build | Stable |
| 39:58 | Build | Stable |
| 39:59 | Build | Stable |
| 40:00 | Build | Stable |
| 40:02 | Build | Stable |
| 40:06 | Research | Squires |
| 40:07 | Research | Pikeman (upgrade) |
| 40:22 | Research | Cavalier (upgrade) |
| 40:33 | Build | Mining Camp |
| 40:43 | Build | University |
| 41:32 | Research | Elite Berserk (upgrade) |
| 41:33 | Research | Conscription |
| 41:37 | Create | Berserk ×5 |
| 42:03 | Build | Archery Range |
| 42:04 | Build | Archery Range |
| 42:07 | Build | Archery Range |
| 42:09 | Build | Archery Range |
| 42:10 | Build | Archery Range |
| 42:11 | Build | Archery Range |
| 42:31 | Build | Castle |
| 42:41 | Create | Knight ×5 |
| 42:41 | Create | Knight ×5 |
| 42:41 | Create | Knight ×5 |
| 43:03 | Research | Leather Archer Armor |
| 43:21 | Build | Lumber Camp |
| 43:27 | Research | Treadmill Crane |
| 43:34 | Research | Crop Rotation |
| 44:01 | Create | Trebuchet (Packed) ×5 |
| 44:46 | Research | Blast Furnace |
| 44:46 | Research | Plate Mail Armor |
| 44:48 | Research | Bodkin Arrow |
| 45:20 | Create | Knight ×4 |
| 45:20 | Create | Knight ×4 |
| 45:20 | Create | Knight ×4 |
| 45:42 | Build | Farm |
| 45:46 | Build | Farm |
| 45:47 | Build | Farm |
| 45:49 | Build | Farm |
| 45:52 | Build | Farm |
| 47:05 | Research | Tech 49 |
| 47:51 | Create | Berserk ×5 |
| 47:51 | Create | Berserk ×5 |
Build order — SkilzDatKilz845
First 150 of 309 actions detected
| 0:02 | Create | Villager (Male) |
| 0:05 | Build | House |
| 0:08 | Build | House |
| 0:11 | Build | House |
| 0:15 | Research | Loom |
| 0:16 | Create | Villager (Male) ×3 |
| 1:27 | Build | Palisade Wall |
| 2:03 | Build | Palisade Wall |
| 2:31 | Create | Villager (Male) |
| 2:32 | Create | Villager (Male) |
| 2:57 | Create | Villager (Male) |
| 3:13 | Create | Villager (Male) |
| 3:29 | Create | Villager (Male) |
| 4:09 | Build | Palisade Wall |
| 4:16 | Create | Villager (Male) |
| 4:16 | Create | Villager (Male) |
| 4:47 | Build | Palisade Wall |
| 5:15 | Create | Villager (Male) |
| 5:15 | Create | Villager (Male) |
| 5:16 | Create | Villager (Male) |
| 5:25 | Build | Mill |
| 6:56 | Create | Villager (Male) |
| 6:57 | Create | Villager (Male) |
| 7:56 | Build | Lumber Camp |
| 8:00 | Create | Villager (Male) |
| 8:01 | Create | Villager (Male) |
| 8:01 | Create | Villager (Male) |
| 8:01 | Create | Villager (Male) |
| 8:01 | Create | Villager (Male) |
| 8:25 | Build | Mill |
| 8:58 | Build | House |
| 9:02 | Build | House |
| 9:03 | Build | House |
| 9:07 | Build | House |
| 9:09 | Build | House |
| 9:10 | Build | House |
| 9:18 | Build | House |
| 9:19 | Build | House |
| 9:24 | Create | Villager (Male) |
| 9:25 | Create | Villager (Male) |
| 9:25 | Create | Villager (Male) |
| 9:25 | Create | Villager (Male) |
| 9:47 | Create | Villager (Male) |
| 10:54 | Create | Villager (Male) |
| 11:36 | Create | Villager (Male) |
| 11:44 | Build | Mining Camp |
| 12:06 | Create | Villager (Male) |
| 12:16 | Build | Mill |
| 12:40 | Create | Villager (Male) |
| 12:51 | Research | Feudal Age |
| 13:07 | Build | Barracks |
| 13:44 | Create | Villager (Male) |
| 13:44 | Create | Villager (Male) |
| 13:45 | Create | Villager (Male) |
| 15:13 | Build | Stone Wall |
| 15:19 | Create | Villager (Male) |
| 15:30 | Research | Horse Collar |
| 15:47 | Build | Market |
| 15:53 | Build | Blacksmith |
| 16:02 | Create | Villager (Male) |
| 16:12 | Build | Archery Range |
| 16:24 | Build | Archery Range |
| 16:25 | Build | Archery Range |
| 16:48 | Build | Lumber Camp |
| 16:54 | Create | Villager (Male) |
| 16:54 | Create | Villager (Male) |
| 17:16 | Build | Watch Tower |
| 17:21 | Create | Villager (Male) |
| 17:21 | Create | Villager (Male) |
| 17:32 | Build | Mining Camp |
| 17:41 | Create | Archer |
| 17:42 | Create | Archer |
| 18:10 | Build | Farm |
| 18:16 | Build | Farm |
| 18:23 | Create | Villager (Male) |
| 18:23 | Create | Villager (Male) |
| 18:31 | Build | Farm |
| 18:41 | Build | Farm |
| 18:54 | Build | Farm |
| 18:58 | Build | Farm |
| 19:00 | Create | Villager (Male) |
| 19:00 | Create | Villager (Male) |
| 19:00 | Create | Villager (Male) |
| 19:13 | Build | Farm |
| 19:33 | Build | Farm |
| 20:00 | Create | Archer |
| 20:00 | Create | Archer |
| 20:01 | Create | Archer |
| 20:16 | Create | Villager (Male) |
| 20:16 | Create | Villager (Male) |
| 20:32 | Build | Mill |
| 20:34 | Build | Farm |
| 20:35 | Build | Farm |
| 20:35 | Build | Farm |
| 20:36 | Build | Farm |
| 20:58 | Build | Mining Camp |
| 21:04 | Create | Villager (Male) |
| 21:05 | Create | Villager (Male) |
| 21:25 | Build | Farm |
| 21:35 | Build | Farm |
| 21:59 | Research | Castle Age |
| 22:04 | Create | Archer |
| 22:05 | Create | Archer |
| 22:28 | Create | Villager (Male) |
| 22:28 | Create | Villager (Male) |
| 22:41 | Create | Archer ×2 |
| 23:02 | Create | Trade Cart |
| 23:54 | Research | Fletching |
| 23:57 | Create | Trade Cart |
| 23:58 | Create | Trade Cart |
| 24:05 | Research | Double-Bit Axe |
| 24:11 | Create | Archer ×3 |
| 24:38 | Create | Archer |
| 24:45 | Research | Padded Archer Armor |
| 25:00 | Build | House |
| 25:02 | Build | House |
| 25:03 | Build | House |
| 25:03 | Build | House |
| 25:03 | Build | House |
| 25:06 | Build | House |
| 25:11 | Build | Farm |
| 25:12 | Build | Farm |
| 25:32 | Build | Castle |
| 25:52 | Research | Bodkin Arrow |
| 25:57 | Create | Villager (Male) |
| 25:57 | Create | Villager (Male) |
| 25:57 | Create | Villager (Male) |
| 25:58 | Create | Villager (Male) |
| 26:09 | Build | Farm |
| 26:21 | Build | Town Center |
| 26:27 | Build | Town Center |
| 26:34 | Create | Villager (Male) |
| 26:34 | Create | Villager (Male) |
| 26:42 | Create | Archer ×4 |
| 26:45 | Research | Crossbowman (upgrade) |
| 26:49 | Create | Longbowman ×3 |
| 27:07 | Create | Villager (Male) |
| 27:19 | Build | Farm |
| 27:20 | Build | Farm |
| 27:26 | Build | Farm |
| 27:28 | Build | Farm |
| 27:29 | Build | Farm |
| 27:30 | Build | Farm |
| 27:39 | Create | Villager (Male) |
| 27:39 | Create | Villager (Male) |
| 27:39 | Create | Villager (Male) |
| 27:39 | Create | Villager (Male) |
| 27:40 | Create | Villager (Male) |
| 27:40 | Create | Villager (Male) |
| 27:40 | Create | Villager (Male) |
Match timeline
| 0:57 | FranCarp · wall_segment Palisade Wall x11 |
| 1:02 | Lord_Daml · wall_segment Palisade Wall x17 |
| 1:23 | BoI<aa · wall_segment Palisade Wall x27 |
| 1:27 | SkilzDatKilz845 · wall_segment Palisade Wall x13 |
| 1:31 | ELITEMARIO69 · wall_segment Palisade Wall x11 |
| 2:03 | SkilzDatKilz845 · wall_segment Palisade Wall x4 |
| 2:14 | FranCarp · wall_segment Palisade Wall x1 |
| 3:16 | BenjaB1 · wall_segment Palisade Wall x1 |
| 3:38 | ELITEMARIO69 · wall_segment Palisade Wall x9 |
| 4:09 | SkilzDatKilz845 · wall_segment Palisade Wall x5 |
| 4:47 | SkilzDatKilz845 · wall_segment Palisade Wall x10 |
| 5:12 | BoI<aa · wall_segment Palisade Wall x15 |
| 13:07 | SkilzDatKilz845 · first_building Barracks |
| 13:38 | BoI<aa · first_building Barracks |
| 14:31 | Lord_Daml · first_building Barracks |
| 15:13 | SkilzDatKilz845 · wall_segment Stone Wall x9 |
| 16:09 | Jasius · first_market_sell 100 food |
| 16:12 | SkilzDatKilz845 · first_building Archery Range |
| 17:33 | Lord_Daml · first_building Stable |
| 18:41 | Jaereg · first_market_sell 100 food |
| 20:45 | Lord_Daml · first_building Archery Range |
| 21:45 | SkilzDatKilz845 · first_market_buy 100 food |
| 21:54 | SkilzDatKilz845 · first_market_sell 100 wood |
| 22:57 | Jasius · tribute_sent a jugador 1 |
| 22:57 | Jasius · tribute_sent a jugador 2 |
| 22:57 | Jasius · tribute_sent a jugador 3 |
| 22:57 | Jasius · tribute_sent a jugador 4 |
| 22:57 | Jasius · tribute_sent a jugador 6 |
| 22:57 | Jasius · tribute_sent a jugador 7 |
| 22:57 | Jasius · tribute_sent a jugador 8 |
| 22:59 | BenjaB1 · first_building Castle |
| 23:38 | ELITEMARIO69 · first_market_sell 100 wood |
| 23:41 | Lord_Daml · wall_segment Stone Wall x4 |
| 24:09 | Jasius · first_building Castle |
| 24:29 | BoI<aa · wall_segment Stone Wall x21 |
| 24:59 | BenjaB1 · first_building Monastery |
| 25:03 | Jaereg · first_building Monastery |
| 25:29 | ELITEMARIO69 · first_building Barracks |
| 25:32 | SkilzDatKilz845 · first_building Castle |
| 27:09 | Lord_Daml · first_building Castle |
| 27:20 | ELITEMARIO69 · first_building Archery Range |
| 27:22 | Jaereg · first_building Siege Workshop |
| 27:23 | Lord_Daml · first_building Monastery |
| 27:34 | BoI<aa · first_market_buy 100 food |
| 28:01 | Lord_Daml · first_building Siege Workshop |
| 28:21 | FranCarp · first_building Monastery |
| 28:26 | ELITEMARIO69 · first_building Castle |
| 31:13 | BoI<aa · first_building Castle |
| 33:58 | Jaereg · first_market_buy 100 stone |
| 34:50 | FranCarp · first_building Castle |
| 35:33 | SkilzDatKilz845 · first_building Monastery |
| 36:06 | ELITEMARIO69 · first_building Siege Workshop |
| 36:14 | Jaereg · first_building Barracks |
| 38:16 | Jasius · first_building Stable |
| 39:05 | FranCarp · tribute_sent a jugador 1 |
| 39:05 | FranCarp · tribute_sent a jugador 2 |
| 39:05 | FranCarp · tribute_sent a jugador 3 |
| 39:05 | FranCarp · tribute_sent a jugador 4 |
| 39:05 | FranCarp · tribute_sent a jugador 5 |
| 39:05 | FranCarp · tribute_sent a jugador 6 |
| 39:05 | FranCarp · tribute_sent a jugador 8 |
| 39:13 | FranCarp · first_building Barracks |
| 39:46 | FranCarp · first_building Stable |
| 40:33 | Jaereg · first_building Castle |
| 42:03 | FranCarp · first_building Archery Range |
| 44:44 | Jaereg · wall_segment Stone Wall x6 |
| 48:03 | Jasius · resign |
[ AI ANALYSIS · 1 CREDIT ]
What really happened in this match?
Wolo.gg analyzes every decision: build order, eco, micro, common mistakes by bracket. Personalized analysis on WhatsApp or Discord in 30 seconds.
Civ guide
Franks
Perfil
Jugador #2430561